 Dungeon Crawl Stone Soup version 0.29.1-13-g9f3cf754e1 (webtiles) character file.

Game seed: 1152632524024898019

105 hbarley the Chopper (level 4, -1/41 HPs)
             Began as a Hill Orc Fighter on Feb 2, 2023.
             Slain by Terence
             ... wielding a +3 flail of venom
              (9 damage)
             ... on level 2 of the Dungeon.
             The game lasted 00:03:52 (1737 turns).

hbarley the Chopper (Hill Orc Fighter)              Turns: 1737, Time: 00:03:54

Health: -1/41      AC:  7    Str: 18    XL:     4   Next: 81%
Magic:  4/4        EV:  9    Int:  8    God:
Gold:   26         SH:  4    Dex: 12    Spells: 3/3 levels left

rFire   . . .      SeeInvis .   a - +0 war axe
rCold   . . .      Faith    .   c - +0 buckler
rNeg    . . .      Spirit   .   b - +0 scale mail
rPois   .          Reflect  .   (no helmet)
rElec   .          Harm     .   (no cloak)
rCorr   .          Rampage  .   (no gloves)
Will    .....                   (no boots)
Stlth   ..........              (no amulet)
HPRegen 0.13/turn               m - +4 ring of slaying
MPRegen 0.09/turn               (no ring)

@: lethally poisoned (-1 -> -18)
A: no striking features
a: no special abilities


You were on level 2 of the Dungeon.
You visited 1 branch of the dungeon, and saw 3 of its levels.

You collected 52 gold pieces.
You spent 26 gold pieces at shops.

Inventory:

Hand Weapons
 a - a +0 war axe (weapon)
Armour
 b - a +0 scale mail (worn)
 c - a +0 buckler (worn)
Jewellery
 m - a +4 ring of slaying (left hand)
Scrolls
 i - a scroll of amnesia {unknown}
 j - 2 scrolls of teleportation {unknown}
 k - a scroll of identify
 l - 2 scrolls of enchant armour {unknown}
 n - a scroll of magic mapping {unknown}
Potions
 d - a potion of might
 e - a potion of degeneration {unknown}
 f - 2 potions of curing {unknown}
 g - 3 potions of mutation {unknown}
 h - 2 potions of cancellation {unknown}


   Skills:
 + Level 4.3 Fighting
 + Level 4.9 Axes
 + Level 3.8 Armour
 + Level 0.3 Dodging
 + Level 3.6 Shields


You had 3 spell levels left.
You didn't know any spells.
Your spell library was empty.

Dungeon Overview and Level Annotations

Branches:
Dungeon (3/15)

Altars:

Shops:
D:1 ?

Annotations:
D:2 Terence


Message History

You see here a +0 dagger.
A kobold comes into view. It is wielding a +0 dagger.
The kobold hits you with a +0 dagger.
You slash the kobold!
You kill the kobold!
Found a flail.
g - 3 bubbling golden potions (gained 1)
Found a stone staircase leading down.
There is a stone staircase leading down here.
You see here a +0 flail.
Found 6 stones.
You see here 6 stones.
You now have 26 gold pieces (gained 5).
You see here a +0 club.
f - 2 inky potions (gained 1)
Found 5 stones.
Found a stone staircase leading up.
n - a scroll labelled UTZILU LAHOR
There is a stone staircase leading down here.
A quokka skeleton comes into view.
Terence the Incautious comes into view.
He is wielding a +3 flail of venom.
Terence shouts!
The quokka skeleton moves out of view.
Terence hits you with a +3 flail of venom!
You are poisoned.
You barely miss Terence.
You feel very sick. Terence hits you but does no damage.
You are more poisoned.
You hit Terence but do no damage.
You feel very sick.
Terence hits you with a +3 flail of venom!
You are lethally poisoned!
You hit Terence.
Terence is lightly wounded.
* * * LOW HITPOINT WARNING * * *
You feel very sick.
Terence says, "You're history."
Terence hits you with a +3 flail of venom!
You die...

#.# #.# ##### #.#
....##### #.#.#
........# #.#.###
........# #.#...Z§#
##......####
#@#..§§.#
###.#.....#
#@#.§§§.#
#.#####.###
#.#..P§§# #.#
#...###.#.#..# #.#
###.#.#....#.# #>#
#.#.#......#
#.#######.#........#
#.#.......#......#.#
#.........#####.##.#
#.#.......##.......#


You could see Terence.

Vanquished Creatures
  2 hound zombies (D:2)
  A hound skeleton (D:2)
  An adder (D:2)
  An adder skeleton (D:2)
  A worm (D:2)
  An orc (D:3)
  A bat skeleton (D:2)
  A bat zombie (D:2)
  An endoplasm (D:2)
  A giant cockroach (D:1)
  2 goblins
  2 hobgoblins
  4 jackals (D:1)
  2 quokkas
  8 ball pythons
  A ball python skeleton (D:2)
  4 bats
  3 frilled lizards (D:1)
  A jackal zombie (D:2)
  5 kobolds
  6 rats
49 creatures vanquished.

Vanquished Creatures (others)
  3 withered plants (D:2)
3 creatures vanquished.

Grand Total: 52 creatures vanquished

Notes
Turn   | Place    | Note
-------+----------+-------------------------------------------
     0 | D:1      | hbarley the Hill Orc Fighter began the quest for the Orb.
     0 | D:1      | Reached XP level 1. HP: 19/19 MP: 1/1
   238 | D:1      | Reached XP level 2. HP: 27/27 MP: 2/2
   274 | D:1      | Found Guef Ana's Magic Scroll Boutique.
   686 | D:1      | Found a faded altar of an unknown god.
   841 | D:1      | Bought a scroll of identify for 26 gold pieces
   994 | D:2      | Reached XP level 3. HP: 33/33 MP: 3/3
  1085 | D:2      | You fall into a shaft and drop 1 floor!
  1200 | D:2      | Reached XP level 4. HP: 36/40 MP: 4/4
  1731 | D:2      | Noticed Terence
  1737 | D:2      | Slain by Terence

Illustrated notes

Levels and vault maps discovered:
D:1:      elethiomel_arrival_maze, layout_basic,
          shapermc_ecumenical_altar_petra, serial_shops, shop,
          supply_closet_lemuel
D:2:      layout_basic, serial_undead, serial_undead_e, serial_undead_a,
          serial_undead_b, serial_undead_c, uniq_terence
D:3:      gammafunk_wand_slinger, layout_rooms

Skill      XL: |  1  2  3 |
---------------+----------+-----
Axes           | 3 4 |  4.9
Fighting       | 4 |  4.3
Armour         | |  3.8
Dodging        | |  0.3
Shields        | |  3.6

Action                   |  1- 3 |  4- 6 || total
-------------------------+-------+-------++-------
Melee: War axe           |    80 |    28 ||   108
Armor: Scale mail        |    48 |    12 ||    60
Dodge: Dodged            |    62 |    13 ||    75
Block: Buckler           |    26 |     6 ||    32
